 Dungeon Sprint DCSS version 0.27-a0-417-g317cea8a3c (webtiles) character file.

Game seed: 9250491153492055024

29761 mhtbhm the Executioner (level 13, -22/134 HPs)
             Began as a Minotaur Fighter on Feb 26, 2021.
             Was the Champion of Trog.
             Annihilated by Taer the pandemonium lord (23 damage)
             ... in the Dungeon (Sprint VII: "The Pits").
             The game lasted 00:06:56 (3733 turns).

mhtbhm the Executioner (Minotaur Fighter)           Turns: 3733, Time: 00:06:56

Health: -22/134    AC: 17    Str: 29    XL:     13   Next: 16%
Magic:  12/12      EV: 17    Int:  5    God:    Trog [******]
Gold:   51         SH: 16    Dex: 10    Spells: 12/12 levels left

rFire    . . .     SeeInvis +   a - +3 broad axe of Watchfulness {vorpal, rPois Str+3}
rCold    . . .     Faith    .   c - +0 kite shield
rNeg     + . .     Spirit   .   b - +0 pearl dragon scales
rPois    +         Reflect  .   (helmet restricted)
rElec    .         Harm     .   (no cloak)
rCorr    .         Rampage  .   (no gloves)
Will     .....     NoTele   +   (no boots)
Stlth    ..........             (no amulet)
HPRegen  0.32/turn              y - ring of see invisible
MPRegen  0.13/turn              o - +3 ring of evasion

@: berserk cooldown, slowed, very slow
A: retaliatory headbutt, horns 2
a: Renounce Religion, Berserk, Trog's Hand, Brothers in Arms


You were in the Dungeon.
You worshipped Trog.
Trog was exalted by your worship.
You visited 1 branch You collected 51 gold pieces.

Inventory:

Hand Weapons
 a - the +3 broad axe of Watchfulness (weapon) {vorpal, rPois Str+3}
   (Trog gifted it to you in the Dungeon)

   It inflicts extra damage upon your enemies.
   It affects your strength (+3).
   It protects you from poison.
 q - the +12 triple sword of Descent {antimagic, *Contam rF+++ Str-4}
   (Trog gifted it to you in the Dungeon)

   It reduces the magical energy of the wielder, and disrupts the spells and
   magical abilities of those hit.
   Natural abilities and divine invocations are not affected.
   It affects your strength (-4).
   It renders you almost immune to fire.
   It causes magical contamination when unequipped.
 r - the +7 hand axe of Honour {flame, rElec}
   (Trog gifted it to you in the Dungeon)

   It has been specially enchanted to burn those struck by it, causing extra
   injury to most foes and up to half again as much damage against particularly
   susceptible opponents.
   Big, fiery blades are also staple armaments of hydra-hunters.
   It insulates you from electricity.
 s - a +4 vorpal broad axe
Armour
 b - +0 pearl dragon scales (worn)
 c - a +0 kite shield (worn)
Jewellery
 m - a +3 ring of intelligence
 o - a +3 ring of evasion (right hand)
 y - a ring of see invisible (left hand)
 C - a ring of protection from cold
Wands
 p - a wand of iceblast (10)
Scrolls
 j - a scroll of blinking
 l - a scroll of summoning
 t - 2 scrolls of fear
 u - a scroll of fog
 v - a scroll of identify
 w - 4 scrolls of enchant armour
 x - 3 scrolls of enchant weapon
 A - a scroll of brand weapon
Potions
 d - a potion of might
 e - 10 potions of curing
 f - 14 potions of heal wounds
 g - 2 potions of haste
 h - 4 potions of magic
 i - 4 potions of berserk rage
 k - 2 potions of invisibility
 n - a potion of resistance
 z - 2 potions of mutation
Miscellaneous
 B - a tin of tremorstones (2/2)


   Skills:
 + Level 18.1 Fighting
 + Level 22.6 Axes
 + Level 17.3 Armour
 + Level 8.8 Dodging
 - Level 1.0 Stealth
 + Level 19.1 Shields


You had 12 spell levels left.
You didn't know any spells.
Your spell library was empty.

Dungeon Overview and Level Annotations

Branches:
Dungeon (1/1)

Altars:
Ashenzari
Cheibriados
Dithmenos
Elyvilon
Fedhas
Gozag
Hepliaklqana
Kikubaaqudgha
Makhleb
Nemelex Xobeh
Okawaru
Qazlal
Ru
Sif Muna
Trog
Uskayaw
Vehumet
Wu Jian
Xom
Yredelemnul
Zin
The Shining One
Beogh
Jiyva
Lugonu


Innate Abilities, Weirdness & Mutations

You reflexively headbutt those who attack you in melee.
You have a pair of horns on your head.


Message History

Taer is severely wounded.
Your skin stops crawling.
You feel less strong-willed. You block Taer's attack.
You closely miss Taer. Your headbutt misses Taer.
Taer is severely wounded.
Taer claws you but does no damage. You block Taer's attack.
You closely miss Taer.
Taer is severely wounded.
Taer claws you but does no damage. Space bends around you.
You hit Taer. Your headbutt misses Taer.
Taer is severely wounded.
You block Taer's attack. Taer claws you!! Space bends around you.
* * * LOW HITPOINT WARNING * * *
You miss Taer. Your headbutt misses Taer.
Taer is severely wounded.
You block Taer's attack.
You slash Taer! Your headbutt misses Taer.
Taer is severely wounded.
You block Taer's attack. x2
You barely miss Taer.
Taer is severely wounded.
Taer claws you!
* * * LOW HITPOINT WARNING * * *
Space bends around you.
* * * LOW HITPOINT WARNING * * *
You miss Taer. Your headbutt misses Taer.
Taer is severely wounded.
You block Taer's attack. Taer closely misses you.
You hit Taer. Your headbutt misses Taer.
Taer is severely wounded.
Taer claws you.
* * * LOW HITPOINT WARNING * * *
Space warps horribly around you!
* * * LOW HITPOINT WARNING * * *
You closely miss Taer. Your headbutt misses Taer.
Taer is severely wounded.
You block Taer's attack.
Taer sneers, "I shall devour thy inner light!"
Taer claws you!!
You die...

#+# #.# #&# #@#
#)# #.# #'# #.#
#'# #[# #'#
################'#


You could see Taer.

Vanquished Creatures
  A royal mummy (D)
  A pearl dragon (D)
  A shadow dragon (D)
  Donald (D)
  An orc warlord (D)
  A ghost moth (D)
  A green death (D)
  A great orb of eyes (D)
  A hydra (D)
  2 naga warriors (D)
  A catoblepas (D)
  A death yak (D)
  A skeletal warrior (D)
  A deep elf knight (D)
  An iron troll (D)
  A shadow wraith (D)
  A cherub (D)
  2 sea snakes (D)
  A swamp dragon (D)
  3 deep elf zephyrmancers (D)
  A deep elf pyromancer (D)
  Maurice (D)
  A black mamba (D)
  2 cane toads (D)
  A kobold demonologist (D)
  A freezing wraith (D)
  A yaktaur (D)
  2 efreet (D)
  2 komodo dragons (D)
  An ice devil (D)
  A troll (D)
  Grinder (D)
  A snapping turtle (D)
  A redback (D)
  A shadow (D)
  A fire bat (D)
  5 yaks (D)
  A chaos spawn (D)
  2 nagas (D)
  2 acid dragons (D)
  A floating eye (D)
  An orc warrior (D)
  A necrophage (D)
  2 ogres (D)
  2 wolves (D)
  A gnoll sergeant (D)
  2 earth elementals (D)
  4 killer bees (D)
  4 wights (D)
  A quasit (D)
  A gnoll shaman (D)
  An orc priest (D)
  Jessica (D)
  An orc wizard (D)
  9 gnolls (D)
  2 adders (D)
  A river rat (D)
  A white imp (D)
  4 ufetubi (D)
  An adder zombie (D)
  6 orcs (D)
  A bat (D)
  A bat zombie (D)
  A giant cockroach (D)
  A goblin (D)
  A hobgoblin (D)
  2 kobolds (D)
  A frilled lizard (D)
  A giant cockroach simulacrum (D)
  A jackal zombie (D)
  A quokka skeleton (D)
  A quokka zombie (D)
112 creatures vanquished.

Notes
Turn   | Place    | Note
-------+----------+-------------------------------------------
     0 | D        | mhtbhm the Minotaur Fighter began the quest for the Orb.
     0 | D        | Reached XP level 1. HP: 19/19 MP: 0/0
    19 | D        | Found a bloodstained altar of Trog.
    19 | D        | Found a shimmering blue altar of Sif Muna.
    19 | D        | Found a viscous altar of Jiyva.
    19 | D        | Found a hazy altar of Hepliaklqana.
    19 | D        | Found an opulent altar of Gozag.
    20 | D        | Found a glowing golden altar of the Shining One.
    20 | D        | Found a glowing silver altar of Zin.
    20 | D        | Found a basalt altar of Yredelemnul.
    20 | D        | Found a shimmering altar of Xom.
    20 | D        | Found an ornate altar of the Wu Jian Council.
    20 | D        | Found a sacrificial altar of Ru.
    20 | D        | Found a stormy altar of Qazlal.
    20 | D        | Found an iron altar of Okawaru.
    20 | D        | Found a sparkling altar of Nemelex Xobeh.
    20 | D        | Found a burning altar of Makhleb.
    20 | D        | Found a blossoming altar of Fedhas.
    20 | D        | Found a white marble altar of Elyvilon.
    20 | D        | Found a shadowy altar of Dithmenos.
    20 | D        | Found a snail-covered altar of Cheibriados.
    22 | D        | Found a radiant altar of Vehumet.
    22 | D        | Found a corrupted altar of Lugonu.
    22 | D        | Found a roughly hewn altar of Beogh.
    24 | D        | Became a worshipper of Trog the Wrathful
    69 | D        | Reached skill level 3 in Axes
    69 | D        | Reached XP level 2. HP: 20/28 MP: 1/1
   165 | D        | Reached * piety under Trog
   166 | D        | Reached skill level 5 in Fighting
   180 | D        | Reached skill level 5 in Armour
   182 | D        | Noticed a wolf
   187 | D        | Killed a wolf
   187 | D        | Reached ** piety under Trog
   188 | D        | Reached skill level 5 in Axes
   188 | D        | Reached XP level 3. HP: 27/38 MP: 2/2
   188 | D        | Reached XP level 4. HP: 32/45 MP: 3/3
   310 | D        | Noticed Grinder
   310 | D        | Noticed a necrophage
   310 | D        | Paralysed by Grinder for 5 turns
   323 | D        | Killed a necrophage
   323 | D        | Reached *** piety under Trog
   324 | D        | Reached skill level 7 in Axes
   324 | D        | Reached skill level 1 in Dodging
   324 | D        | Reached XP level 5. HP: 52/52 MP: 4/4
   329 | D        | Paralysed by Grinder for 2 turns
   337 | D        | Killed Grinder
   338 | D        | Reached skill level 9 in Axes
   338 | D        | Reached XP level 6. HP: 50/62 MP: 5/5
   401 | D        | Reached **** piety under Trog
   402 | D        | Reached skill level 10 in Axes
   409 | D        | Reached ***** piety under Trog
   410 | D        | Reached XP level 7. HP: 33/69 MP: 6/6
   580 | D        | Noticed a yak
   589 | D        | Killed a yak
   590 | D        | Reached skill level 11 in Axes
   590 | D        | Reached skill level 10 in Shields
   592 | D        | Noticed Jessica
   604 | D        | Killed Jessica
   610 | D        | Identified an encrusted broad axe {god gift} (Trog gifted
                  | it to you in the Dungeon)
   610 | D        | Received a gift from Trog
   621 | D        | Noticed a cane toad
   623 | D        | Paralysed by a floating eye for 2 turns
   626 | D        | Reached skill level 12 in Axes
   631 | D        | Killed a cane toad
   632 | D        | Reached skill level 10 in Armour
   632 | D        | Reached XP level 8. HP: 59/79 MP: 7/7
   632 | D        | Killed a shadow wraith
   633 | D        | Reached skill level 10 in Fighting
   633 | D        | Reached skill level 13 in Axes
   856 | D        | Found a hide-covered altar of Uskayaw.
   856 | D        | Found an ancient bone altar of Kikubaaqudgha.
   856 | D        | Found a broken altar of Ashenzari.
   883 | D        | Noticed a death yak
   883 | D        | Noticed a cane toad
   892 | D        | Killed a cane toad
   893 | D        | Reached XP level 9. HP: 70/86 MP: 8/8
   894 | D        | Killed a death yak
   895 | D        | Reached skill level 14 in Axes
   895 | D        | Reached skill level 1 in Stealth
  1068 | D        | Noticed a black mamba
  1068 | D        | Noticed Maurice
  1075 | D        | Killed a black mamba
  1075 | D        | Reached ****** piety under Trog
  1075 | D        | Received a gift from Trog
  1077 | D        | Killed Maurice
  1078 | D        | Reached skill level 15 in Axes
  1078 | D        | Reached skill level 5 in Dodging
  1082 | D        | Identified a polished triple sword {god gift} (Trog gifted
                  | it to you in the Dungeon)
  1082 | D        | Received a gift from Trog
  1177 | D        | Noticed Donald
  1195 | D        | Killed Donald
  1196 | D        | Reached skill level 16 in Axes
  1196 | D        | Reached XP level 10. HP: 78/100 MP: 9/9
  1375 | D        | Noticed a deep elf zephyrmancer
  1375 | D        | Noticed a deep elf zephyrmancer
  1376 | D        | Noticed a deep elf knight
  1380 | D        | Noticed a deep elf zephyrmancer
  1385 | D        | Killed a deep elf knight
  1385 | D        | Received a gift from Trog
  1389 | D        | Killed a deep elf zephyrmancer
  1390 | D        | Reached skill level 17 in Axes
  1392 | D        | Killed a deep elf zephyrmancer
  1415 | D        | Killed a deep elf zephyrmancer
  1697 | D        | Noticed a great orb of eyes
  1709 | D        | Killed a great orb of eyes
  1709 | D        | Received a gift from Trog
  1710 | D        | Reached skill level 18 in Axes
  1710 | D        | Reached XP level 11. HP: 108/108 MP: 6/10
  1798 | D        | Noticed a royal mummy
  1800 | D        | Noticed a death scarab
  1800 | D        | Noticed a death scarab
  1807 | D        | Noticed an emperor scorpion
  1807 | D        | Noticed an emperor scorpion
  1813 | D        | Killed a royal mummy
  1814 | D        | Reached skill level 20 in Axes
  1814 | D        | Reached skill level 15 in Armour
  1814 | D        | Reached skill level 15 in Shields
  2026 | D        | Noticed a green death
  2031 | D        | Killed a green death
  2169 | D        | Noticed a pearl dragon
  2180 | D        | Killed a pearl dragon
  2181 | D        | Reached skill level 15 in Fighting
  2181 | D        | Reached skill level 21 in Axes
  2181 | D        | Reached XP level 12. HP: 98/121 MP: 11/11
  2452 | D        | Received a gift from Trog
  2529 | D        | Received a gift from Trog
  2540 | D        | Received a gift from Trog
  2574 | D        | Noticed a seven-headed hydra
  2582 | D        | Received a gift from Trog
  2591 | D        | Killed a 12-headed hydra
  2959 | D        | Received a gift from Trog
  2970 | D        | Noticed a catoblepas
  2979 | D        | Killed a catoblepas
  3030 | D        | Noticed a naga warrior
  3032 | D        | Noticed a naga warrior
  3039 | D        | Received a gift from Trog
  3049 | D        | Identified an ichor-stained hand axe {god gift} (Trog
                  | gifted it to you in the Dungeon)
  3049 | D        | Received a gift from Trog
  3053 | D        | Killed a naga warrior
  3059 | D        | Killed a naga warrior
  3060 | D        | Reached skill level 22 in Axes
  3288 | D        | Noticed a shadow dragon
  3288 | D        | Noticed a ghost moth
  3293 | D        | Received a gift from Trog
  3305 | D        | Killed a ghost moth
  3311 | D        | Killed a shadow dragon
  3312 | D        | Reached XP level 13. HP: 134/134 MP: 1/12
  3319 | D        | Identified an iridescent flail {god gift} (Trog gifted it
                  | to you in the Dungeon)
  3319 | D        | Received a gift from Trog
  3522 | D        | Noticed an orc warlord
  3532 | D        | Killed an orc warlord
  3694 | D        | Noticed Taer the pandemonium lord
  3732 | D        | HP: 1/134 [Taer the pandemonium lord (16)]
  3733 | D        | Annihilated by Taer the pandemonium lord

Illustrated notes

Levels and vault maps discovered:
D:        pitsprint [storerooms_1, entrance_room_1, metal_vault_7, armoury_2,
          mini_pit_1, grid_room_1, main_hall_1, silver_pit, the_coven_1,
          the_vestibule_1, steel_vault_4, golden_pit, hallway_of_sentries,
          crystal_vault_2, iron_vault_1, final_vault]

Skill      XL: |  1  2  3  4  5  6  7  8  9 10 11 12 13 |
---------------+----------------------------------------+-----
Fighting       | 4 6 7 8 9 10 12 13 15 17 18 | 18.1
Axes           | 3 5 7 9 10 12 13 16 18 21 22 | 22.6
Armour         | 4 6 7 8 9 10 11 13 14 15 17 | 17.3
Shields        | 4 6 7 9 11 12 13 14 16 18 19 | 19.1
Dodging        | 1 2 3 4 5 6 8 |  8.8
Stealth        | 1 |  1.0

Action                   |  1- 3 |  4- 6 |  7- 9 | 10-12 | 13-15 || total
-------------------------+-------+-------+-------+-------+-------++-------
Melee: Hand axe          |    20 |    27 |    31 |       |       ||    78
       War axe           |     2 |       |       |       |       ||     2
       Headbutt          |     1 |     8 |    11 |    43 |    10 ||    73
       Broad axe         |       |       |    37 |   186 |    54 ||   277
Invok: Berserk           |       |     1 |     3 |     8 |     1 ||    13
       Trog's Hand       |       |       |       |       |     1 ||     1
  Use: Potion            |       |       |     2 |     1 |       ||     3
Armor: Scale mail        |     6 |     3 |       |       |       ||     9
       Chain mail        |       |     9 |    30 |     7 |       ||    46
       Pearl dragon scal |       |       |       |    27 |     8 ||    35
Dodge: Dodged            |     6 |     7 |    25 |    71 |     5 ||   114
Block: Kite shield       |    12 |    23 |    46 |   125 |    19 ||   225

Table legend: (Time is in decaauts)
 A = Elapsed time spent in this place.
 B = Non-inter-level travel time spent in this place.
 C = Inter-level travel time spent in this place.
 D = Time resting spent in this place.
 E = Time spent auto-exploring this place.
 F = Levels seen in this place.
 G = Mean time per level.
                   A        B        C        D        E       F      G
               +--------+--------+--------+--------+--------+-----+--------+
         Total |   3771 |   3771 |      0 |   2347 |    239 |   1 | 3771.0 |
       Dungeon |   3771 |   3771 |      0 |   2347 |    239 |   1 | 3771.0 |
               +--------+--------+--------+--------+--------+-----+--------+

Top non-repeatable levels by time:
       D: 3771 daAuts
